 Dungeon Crawl Stone Soup version 0.20-a0-675-g770066e (webtiles) character file.

119532 theclanless the Carver (level 17, 0/133 HPs)
             Began as a Formicid Fighter on Jan 10, 2017.
             Was the Champion of Ieoh Jian.
             Killed from afar by a raiju (13 damage)
             ... with a living lightning
             ... on level 5 of the Abyss on Jan 12, 2017.
             The game lasted 02:51:28 (21882 turns).

theclanless the Carver (Formicid Fighter)          Turns: 21882, Time: 02:51:30

Health: 0/133      AC: 20    Str: 24    XL:     17   Next: 34%
Magic:  0/37       EV: 19    Int: 13    God:    Ieoh Jian [******]
Gold:   640        SH: 16    Dex: 22    Spells: 16/16 levels left

rFire  + . .     SeeInvis +     w - +16 divine guan dao {elec, momentum+}
rCold  . . .     Gourm    .     y - +2 scale mail of Vovur {-Cast rPois Regen+ rCorr}
rNeg   . . .     Faith    .     c - +2 shield
rPois  +         Spirit   +     (helmet unavailable)
rElec  .         Reflect  .     A - +0 cloak of Beuvenet {Slay+2}
rCorr  +         Harm     .     s - +2 pair of gloves {Dex+3}
MR     .....     NoCast   +     B - +2 pair of boots
Stlth  ++........               Y - amulet of guardian spirit
                                P - ring of magical power
                                x - ring of Autumn {rPois MR- Str+2 Int+4 Dex+6}

@: divine blade, glowing
A: permanent stasis, dig shafts and tunnels, four strong arms, antennae 3,
hooves 1, blurry vision 1, clumsy 1, fire resistance 1, high mp 1, poison
resistance, screaming 1, MP-powered wands
a: Dig, Shaft Self, Steel Dragonfly, Heavenly Blade, Renounce Religion


You were on level 5 of the Abyss.
You worshipped Ieoh Jian.
Ieoh Jian was exalted by your worship.
You were not hungry.

You visited 6 branches of the dungeon, and saw 26 of its levels.
You visited the Abyss 1 time.
You visited 1 bazaar.
You also visited: Ice Cave.

You collected 3291 gold pieces.
You spent 2651 gold pieces at shops.

Inventory:

Hand Weapons
 a - a +9 great sword of freezing
 b - the +7 triple crossbow "Rihidd" {freeze, rC+}
   (You bought it in a shop on level 10 of the Dungeon)

   It causes projectiles fired from it to freeze those they strike, causing
   extra injury to most foes and up to half again as much damage against
   particularly susceptible opponents.
   They can also slow down cold-blooded creatures.
   It protects you from cold.
 d - a +0 vampiric broad axe
 i - a +1 short sword of holy wrath
 r - a +0 battleaxe of freezing
 w - the +16 divine guan dao (weapon) {elec, momentum+}
   (You found it on level 5 of the Abyss)

   Occasionally, upon striking a foe, it will discharge some electrical energy
   and cause terrible harm.
 K - a +2 short sword of draining
 R - the +5 falchion of the Red Skies {distort, rPois Str-5 Int+7 Dex-2}
   (You found it on level 6 of the Lair of Beasts)

   It warps and distorts space around it.
   Unwielding it can cause banishment or high damage.
   It affects your strength (-5).
   It affects your intelligence (+7).
   It affects your dexterity (-2).
   It protects you from poison.
Missiles
 e - 110 bolts
 h - 3 poisoned tomahawks (quivered)
Armour
 c - a +2 shield (worn)
 s - a +2 pair of gloves of dexterity (worn)
 y - the +2 scale mail of Vovur (worn) {-Cast rPois Regen+ rCorr}
   (You found it on level 14 of the Dungeon)

   It protects you from poison.
   It prevents spellcasting.
   It increases your rate of regeneration.
   It protects you from acid and corrosion.
 A - the +0 cloak of Beuvenet (worn) {Slay+2}
   (You found it on level 14 of the Dungeon)

   It affects your accuracy and damage with ranged weapons and melee attacks
   (+2).
 B - a +2 pair of boots (worn)
 S - +1 acid dragon scales
Jewellery
 f - an uncursed ring of protection from fire
 m - the amulet "Mecesaqa" {+Rage rF++}
   (You found it on level 1 of the Snake Pit)

   [amulet of rage]

   It greatly protects you from fire.
   It lets you go berserk.
 x - the ring of Autumn (left hand) {rPois MR- Str+2 Int+4 Dex+6}
   (You found it on level 15 of the Dungeon)

   [ring of intelligence]

   It affects your strength (+2).
   It affects your intelligence (+4).
   It affects your dexterity (+6).
   It protects you from poison.
   It affects your resistance to hostile enchantments.
 L - an uncursed ring of flight
 P - a ring of magical power (right hand)
 V - an uncursed ring of protection from cold
 Y - an amulet of guardian spirit (around neck)
 Z - an uncursed ring of protection from cold
Wands
 j - a wand of polymorph (8/24)
 v - a wand of confusion (31/48)
 D - a wand of lightning (7/15)
 G - a wand of clouds (4/9)
Scrolls
 g - 2 scrolls of recharging
 q - a scroll of enchant weapon
 t - 3 scrolls of remove curse
 O - 6 scrolls of fog
Potions
 k - 5 potions of curing
 l - 2 potions of resistance
 n - 2 potions of lignification
 o - a potion of cancellation
 p - a potion of might
 z - 2 potions of ambrosia
 C - 2 potions of brilliance
 F - a potion of agility
 U - 5 potions of heal wounds
 W - 5 potions of flight
 X - 3 potions of cure mutation
Books
 u - a book of Power

   Spells                             Type                      Level
   a - Fulminant Prism                Conjuration/Hexes            4
   b - Iskenderun's Mystic Blast      Conjuration                  4
   c - Venom Bolt                     Conjuration/Poison           5
   d - Bolt of Magma                  Conjuration/Fire/Earth       5
   e - Iron Shot                      Conjuration/Earth            6
   f - Orb of Destruction             Conjuration                  7
   g - Spellforged Servitor           Conjuration/Summoning        7
Comestibles
 H - 18 beef jerkies


   Skills:
 + Level 12.3 Fighting
 * Level 13.3 Long Blades
 + Level 9.3 Crossbows
 + Level 12.3 Armour
 + Level 10.5 Dodging
 * Level 10.5 Stealth
 + Level 13.1 Shields
 + Level 11.6 Invocations


You had 16 spell levels left.
You didn't know any spells.

Dungeon Overview and Level Annotations

Branches:
Dungeon (15/15)            Temple (1/1) D:5            Lair (6/6) D:8
 Shoals (0/4) Lair:4        Snake (1/4) Lair:4        Slime (0/5) Lair:5
    Orc (2/2) D:12            Elf (1/3) Orc:2        Vaults (0/5) D:14
 Depths (0/5) D:15

Altars:
Ashenzari
Cheibriados
Dithmenos
Elyvilon
Fedhas
Hepliaklqana Ieoh Jian
Kikubaaqudgha
Makhleb
Nemelex Xobeh
Okawaru
Qazlal
Ru
Sif Muna
Trog
Uskayaw
Vehumet
Xom
Yredelemnul
Zin
The Shining One
Jiyva

Shops:
D:5 [   D:7 (   D:10 :*([=   Orc:2 %!?:   Snake:1 *=%


Innate Abilities, Weirdness & Mutations

You cannot be hasted, slowed, berserked, paralysed or teleported.
You can dig through walls and to a lower floor.
Your four strong arms can wield two-handed weapons with a shield.
You have a pair of large antennae on your head. (SInv)
You have large cloven feet.
Scrolls take you a little longer to read.
You are clumsy. (Dex -2)
Your flesh is heat resistant. (rF+)
You have an increased reservoir of magic. (+10% MP)
Your system is resistant to poisons. (rPois)
You occasionally shout uncontrollably at your foes.
You expend magic power (3 MP) to strengthen your wands.


Message History

Your +16 divine guan dao hits the raiju from afar.
You block the bone dragon's attack. The bone dragon claws you!
* * * LOW HITPOINT WARNING * * *
You block the bone dragon's attack. You block the raiju's attack.
Unknown command.
You punch the raiju!
The raiju is almost dead.
The +16 divine guan dao flies back to you!
The bone dragon bites you!
* * * LOW HITPOINT WARNING * * *
You block the bone dragon's attack. The bone dragon tramples you.
* * * LOW HITPOINT WARNING * * *
You stumble backwards!
You block the raiju's attack.
You barely miss the raiju.
The raiju is almost dead.
You block the bone dragon's attack. The bone dragon completely misses you.
You block the bone dragon's attack.
The raiju bursts into living lightning!
The living lightning hits you!
You die...

..#. #.# ..## # .
#.....#..##.# # ##
# #.... ..... . .#
#. ##. .#...##. ..
. #.##.......... #.
#. #....###...## .
. #..
##.#.†......#. . .#
#....#..#..........
.# #..@D...# ..# #
#....h#.?..... .. .
≈≈..##.#.######.#
#. .. ≈≈. #((... {
#.. . #...### #
.#.. ..#.. .(.###


You could see a bone dragon and a raiju.

Vanquished Creatures
  A tentacled starspawn (Abyss:5)
  Gastronok (Lair:1)
  A frost giant (IceCv)
  A deep elf sorcerer (Elf:1)
  2 fire dragons
  An ice dragon (D:15)
  Fannar (Lair:1)
  13 hydras
  5 ogre magi (Orc:2)
  2 vault guards (D:14)
  3 catoblepae
  2 centaur warriors
  19 two-headed ogres
  A queen ant (Lair:3)
  4 death yaks
  A tengu warrior (D:14)
  Sonja (Orc:2)
  A shock serpent (Snake:1)
  2 deep elf knights (Elf:1)
  Nergalle (Lair:1)
  A wretched star (Abyss:3)
  A deep elf archer (Elf:1)
  A swamp dragon (Lair:6)
  A wolf spider zombie (D:15)
  An oklob plant (Lair:5)
  7 deep elf magi
  A mana viper (Snake:1)
  4 wolf spiders
  An orc sorcerer (Elf:1)
  2 necromancers (D:14)
  An ugly thing (D:12)
  2 manticores
  A salamander (shapeshifter) (D:15)
  2 cyclopes
  8 elephants (Lair:5)
  An ice statue (IceCv)
  Joseph (D:7)
  A gargoyle (D:12)
  3 black mambas
  2 rime drakes
  7 spiny frogs
  The ghost of wizardeyejoe the Skirmisher, a novice GrMo (D:5)
  10 komodo dragons
  5 trolls
  29 polar bears
  3 slime creatures (D:13)
  A hornet (D:11)
  6 raiju
  Grinder (D:3)
  16 blink frogs
  8 hippogriffs
  The ghost of PlatinumSpider the Insei, an amateur DsWn (D:3)
  21 dream sheep
  A redback (Orc:1)
  A shadow (D:11)
  4 wyverns
  2 vampires
  A wraith (D:12)
  48 yaks
  2 tarantellas (Orc:1)
  A fire elemental (Abyss:5)
  A hungry ghost (D:10)
  21 humans (D:14)
  4 basilisks
  3 steam dragons (Lair:6)
  4 acid dragons
  20 soldier ants (Lair:3)
  5 wargs
  4 nagas
  14 hell hounds (Lair:6)
  15 water moccasins
  10 porcupines
  2 swamp drakes (Lair:6)
  2 necrophages
  An ice beast (D:14)
  3 sky beasts
  11 black bears (Lair:6)
  10 orc warriors
  An eye of draining (D:12)
  3 phantoms
  37 wolves
  33 ogres
  5 centaurs
  16 crocodiles
  22 bullfrogs
  A wyvern zombie (D:12)
  4 scorpions
  5 killer bees (D:8)
  A howler monkey (D:8)
  11 wights
  An electric eel (Lair:1)
  4 crimson imps
  4 centaur zombies
  8 jellies
  11 hounds
  8 centaur skeletons
  9 orc priests
  17 orc wizards
  2 bullfrog skeletons
  9 iguanas
  28 worker ants
  A hound zombie (D:10)
  2 hound skeletons (D:6)
  A worker ant zombie (D:6)
  Robin (D:3)
  4 gnolls (D:2)
  18 adders
  3 shadow imps
  2 oozes
  2 worms
  A dart slug (D:2)
  A leopard gecko (D:1)
  52 orcs
  2 ball pythons
  3 bats
  13 giant cockroaches
  9 hobgoblins
  7 jackals
  7 quokkas
  11 frilled lizards
  14 goblins
  9 kobolds
  A leopard gecko skeleton (D:6)
  9 rats
  A bush (Lair:5)
  A fungus (Lair:2)
  A lurking horror (Abyss:5)
  2 plants (Lair:6)
822 creatures vanquished.

Vanquished Creatures (others)
  2 polar bears (IceCv)
  A yak (IceCv)
  15 fungi
  36 plants
  2 starspawn tentacles (Abyss:5)
56 creatures vanquished.

Grand Total: 878 creatures vanquished

Notes
Turn   | Place    | Note
-------+----------+-------------------------------------------
     0 | D:1      | theclanless the Formicid Fighter began the quest for the Orb.
     0 | D:1      | Reached XP level 1. HP: 18/18 MP: 1/1
   140 | D:1      | Upgraded the game from 0.20-a0-671-g993d97e to 0.20-a0-675-g770066e
   172 | D:1      | Reached XP level 2. HP: 24/24 MP: 2/2
   426 | D:1      | Reached skill level 1 in Dodging
   560 | D:1      | Reached XP level 3. HP: 13/29 MP: 3/3
   896 | D:2      | Found a hazy altar of Hepliaklqana.
  1033 | D:2      | Found a shimmering altar of Xom.
  1346 | D:2      | You fall through a shaft for 2 floors!
  1359 | D:4      | Reached XP level 4. HP: 31/35 MP: 4/4
  1499 | D:4      | Reached XP level 5. HP: 7/42 MP: 5/5
  1762 | D:3      | Noticed PlatinumSpider's ghost (amateur DsWn)
  1794 | D:3      | Killed PlatinumSpider's ghost
  1794 | D:3      | Reached XP level 6. HP: 19/48 MP: 6/6
  2275 | D:2      | Reached XP level 7. HP: 52/54 MP: 7/7
  2611 | D:3      | Found a white marble altar of Elyvilon.
  2696 | D:3      | Noticed Grinder
  2709 | D:3      | Noticed Robin
  2722 | D:3      | Killed Grinder
  2754 | D:3      | Killed Robin
  2774 | D:3      | Gained mutation: Scrolls take you a little longer to read. [potion of mutation]
  2774 | D:3      | Gained mutation: Your flesh is heat resistant. (rF+) [potion of mutation]
  2774 | D:3      | Gained mutation: You are clumsy. (Dex -2) [potion of mutation]
  3376 | D:4      | Reached skill level 5 in Shields
  3417 | D:4      | Reached XP level 8. HP: 34/61 MP: 8/8
  3689 | D:4      | Reached skill level 5 in Fighting
  3982 | D:4      | Reached skill level 5 in Long Blades
  4079 | D:4      | Found a shattered altar of Ashenzari.
  4293 | D:5      | Entered Level 5 of the Dungeon
  4356 | D:5      | Noticed wizardeyejoe's ghost (novice GrMo)
  4369 | D:5      | Killed wizardeyejoe's ghost
  4369 | D:5      | Reached skill level 5 in Armour
  4397 | D:5      | Reached XP level 9. HP: 49/69 MP: 9/9
  4479 | D:5      | Reached skill level 5 in Dodging
  4527 | D:5      | Found a staircase to the Ecumenical Temple.
  4536 | Temple   | Entered the Ecumenical Temple
  4590 | Temple   | Became a worshipper of The Ieoh Jian Council
  4768 | D:5      | Found Muofiax's Armour Shop.
  4774 | D:5      | Bought a +1 pair of gloves of dexterity for 198 gold pieces
  4774 | D:5      | Bought a +0 pair of boots for 54 gold pieces
  4942 | D:6      | Found a stormy altar of Qazlal.
  4948 | D:6      | Found a blossoming altar of Fedhas.
  5099 | D:6      | Reached skill level 1 in Invocations
  5354 | D:7      | Noticed Joseph
  5398 | D:7      | Killed Joseph
  5907 | D:7      | Found Abankube's Antique Weapon Shoppe.
  5950 | D:7      | Found an iron altar of Okawaru.
  6177 | D:8      | Reached * piety under Ieoh Jian
  6179 | D:8      | Reached XP level 10. HP: 71/77 MP: 12/12
  6314 | D:8      | Found a staircase to the Lair.
  6466 | D:8      | Found a deep blue altar of Sif Muna.
  6814 | D:9      | Noticed a two-headed ogre
  6820 | D:9      | Killed a two-headed ogre
  7121 | D:9      | Found a shadowy altar of Dithmenos.
  7394 | D:9      | Reached ** piety under Ieoh Jian
  7498 | D:10     | Entered Level 10 of the Dungeon
  7498 | D:10     | Found Qyboim's Antique Armour Shoppe.
  7498 | D:10     | Found Hoblowac's Weapon Boutique.
  7544 | D:10     | Found Jajahis's General Store.
  7563 | D:10     | Bought a potion of cure mutation for 350 gold pieces
  7568 | D:10     | Found Doduada's Book Shop.
  7665 | D:10     | Found Dap Coxkayt's Jewellery Boutique.
  7732 | D:10     | Reached skill level 1 in Crossbows
  8139 | D:10     | Reached XP level 11. HP: 67/84 MP: 14/14
  8270 | D:11     | Reached skill level 5 in Invocations
  8573 | D:11     | Reached *** piety under Ieoh Jian
  9002 | Lair:1   | Entered Level 1 of the Lair of Beasts
  9003 | Lair:1   | Noticed Gastronok
  9024 | Lair:1   | Killed Gastronok
  9512 | Lair:1   | Reached XP level 12. HP: 94/94 MP: 17/17
  9518 | Lair:1   | Noticed Fannar
  9520 | Lair:1   | Noticed Nergalle
  9527 | Lair:1   | Killed Nergalle
  9551 | Lair:1   | Killed Fannar
  9615 | Lair:1   | Noticed a seven-headed hydra
  9652 | Lair:1   | Killed a seven-headed hydra
 10046 | Lair:2   | Found a labyrinth entrance.
 10048 | Lair:2   | Found a frozen archway.
 10060 | IceCv    | Entered an ice cave
 10094 | IceCv    | Reached **** piety under Ieoh Jian
 10189 | IceCv    | Reached skill level 10 in Shields
 10253 | IceCv    | Reached skill level 5 in Crossbows
 10411 | IceCv    | Reached XP level 13. HP: 14/102 MP: 9/19
 10493 | IceCv    | Noticed a frost giant
 10527 | IceCv    | HP: 1/103 [frost giant/bolt of cold (9)]
 10528 | IceCv    | Killed a frost giant
 10548 | IceCv    | Reached skill level 10 in Fighting
 10565 | IceCv    | Reached ***** piety under Ieoh Jian
 10971 | Lair:2   | Noticed an eight-headed hydra
 10986 | Lair:2   | Killed an eight-headed hydra
 11441 | Lair:3   | Reached skill level 10 in Armour
 11572 | Lair:3   | Reached skill level 10 in Long Blades
 11631 | Lair:3   | Reached skill level 1 in Stealth
 11786 | Lair:3   | Reached XP level 14. HP: 10/111 MP: 8/20
 12652 | Lair:4   | Reached ****** piety under Ieoh Jian
 12797 | Lair:4   | Found a staircase to the Snake Pit.
 12946 | Lair:4   | Found a staircase to the Shoals.
 13544 | Snake:1  | Entered Level 1 of the Snake Pit
 13561 | Snake:1  | Found Hoselyg's Food Boutique.
 13563 | Snake:1  | Found Jyatt's Jewellery Shop.
 13565 | Snake:1  | Found Cufism's General Store.
 13602 | Snake:1  | Got an ancient zirconium amulet
 13605 | Snake:1  | Identified the amulet "Mecesaqa" {+Rage rF++} (You found it on level 1 of the Snake Pit)
 14095 | Lair:5   | Reached skill level 10 in Invocations
 14145 | Lair:5   | Found a staircase to the Slime Pits.
 14145 | Lair:5   | Found a viscous altar of Jiyva.
 14645 | Lair:5   | Reached XP level 15. HP: 117/119 MP: 22/22
 14666 | Lair:5   | Reached skill level 5 in Stealth
 15039 | Lair:6   | Entered Level 6 of the Lair of Beasts
 15787 | Lair:6   | Got a faintly glowing falchion
 15790 | Lair:6   | Identified the +5 falchion of the Red Skies {distort, rPois Str-5 Int+7 Dex-2} (You found it on level 6 of the Lair of Beasts)
 16577 | D:10     | Bought the +7 triple crossbow "Rihidd" {freeze, rC+} for 938 gold pieces
 16596 | D:10     | Bought 26 bolts for 83 gold pieces
 16921 | D:12     | Gained mutation: Scrolls take you longer to read. [mutagenic meat]
 16922 | D:12     | Lost mutation: You are clumsy. (Dex -2) [mutagenic meat]
 17488 | D:12     | Found a staircase to the Orcish Mines.
 17722 | Orc:1    | Entered Level 1 of the Orcish Mines
 17848 | Orc:1    | Reached XP level 16. HP: 118/127 MP: 24/24
 18076 | Orc:1    | Found a shimmering altar of Xom.
 18286 | Orc:2    | Entered Level 2 of the Orcish Mines
 18326 | Orc:2    | Found a staircase to the Elven Halls.
 18437 | Orc:2    | Noticed Sonja
 18440 | Orc:2    | Killed Sonja
 18454 | Orc:2    | Found Yrghixor's Magic Scroll Shop.
 18509 | Orc:2    | Found Vaboy's Book Shoppe.
 18509 | Orc:2    | Found Fikupn's Distillery.
 18509 | Orc:2    | Found Egigyshott's Food Emporium.
 18555 | Orc:2    | Bought a potion of mutation for 40 gold pieces
 18555 | Orc:2    | Bought a potion of heal wounds for 80 gold pieces
 18601 | Orc:2    | Gained mutation: You have an increased reservoir of magic. (+10% MP) [potion of mutation]
 18601 | Orc:2    | Lost mutation: Scrolls take you longer to read. [potion of mutation]
 18601 | Orc:2    | Gained mutation: You have large cloven feet. [potion of mutation]
 18629 | Orc:2    | Reached skill level 10 in Dodging
 19907 | D:14     | Got a brightly glowing cloak
 19910 | D:14     | Identified the +0 cloak of Beuvenet {Slay+2} (You found it on level 14 of the Dungeon)
 19977 | D:14     | Found a gate to the Vaults.
 20020 | D:14     | Got a faintly humming scale mail
 20023 | D:14     | Identified the +2 scale mail of Vovur {-Cast rPois Regen+ rCorr} (You found it on level 14 of the Dungeon)
 20393 | D:15     | Entered Level 15 of the Dungeon
 20402 | D:15     | Gained mutation: You expend magic power (3 MP) to strengthen your wands. [mutagenic meat]
 20424 | D:15     | Found a staircase to the Depths.
 20429 | D:15     | Reached skill level 10 in Stealth
 20444 | D:15     | Reached XP level 17. HP: 41/133 MP: 6/28
 20497 | D:15     | Found a flickering gateway to a bazaar.
 20518 | Bazaar   | Entered a bazaar
 20535 | Bazaar   | Found Poaqatoh's Weapon Emporium.
 20554 | Bazaar   | Found Koug's Armour Emporium.
 20560 | Bazaar   | Found Oriz's Armour Boutique.
 20564 | Bazaar   | Found Kowues's Distillery.
 20573 | Bazaar   | Bought a potion of cure mutation for 250 gold pieces
 20580 | Bazaar   | Bought the cursed -5 robe of Misfortune {-Cast *Contam *Tele *Drain EV-5 Stlth-- *Curse} for 1 gold piece
 20611 | Bazaar   | Bought the +7 longbow "Piercer" {penet, EV-2} for 632 gold pieces
 20650 | Bazaar   | Bought a potion of mutation for 25 gold pieces
 20650 | Bazaar   | Gained mutation: Your system is resistant to poisons. (rPois) [potion of mutation]
 20650 | Bazaar   | Gained mutation: You are clumsy. (Dex -2) [potion of mutation]
 20765 | D:15     | Got a glittering steel ring
 20768 | D:15     | Identified the ring of Autumn {rPois MR- Str+2 Int+4 Dex+6} (You found it on level 15 of the Dungeon)
 21244 | D:15     | Gained mutation: You occasionally shout uncontrollably at your foes. [mutagenic glow]
 21643 | Elf:1    | Entered Level 1 of the Elven Halls
 21754 | Elf:1    | Cast into level 3 of the Abyss (a deep elf sorcerer)
 21803 | Abyss:3  | Noticed a lich
 21830 | Abyss:5  | Entered Level 5 of the Abyss
 21862 | Abyss:5  | Noticed a tentacled starspawn
 21869 | Abyss:5  | Noticed a bone dragon
 21869 | Abyss:5  | Killed a tentacled starspawn
 21882 | Abyss:5  | Killed from afar by a raiju

Vault maps used:
D:1:      mrwooster_arrival_arrow, grunt_decor_one_mirror
D:2:      xom_teletrap_fun, nicolae_overflow_hidden_temple
D:3:      nicolae_overflow_crystal_walls, uniq_grinder, uniq_robin
D:4:      lemuel_doored_altar, first_bread
D:5:      serial_shops, kennysheep_little_box
D:6:      kennysheep_six_static_rooms, grunt_temple_overflow_forces_of_nature
D:7:      kennysheep_okawaru_gauntlet, serial_shops, shop, uniq_joseph
D:8:      cheibrodos_helix_gallery, led_sif_pool, dpeg_oklobed_lair
D:9:      nicolae_dithmenos_through_a_glass_darkly
D:10:     serial_shops, nicolae_shop_temple_entry_statues_fountains,
          shop_statue, shop, shop, shop_coins
D:12:     david_orc_4
D:13:     minivault_16
D:14:     grunt_vaults_entry_tiered, wad_floor_pattern_2
D:15:     grunt_enter_depths_hoard, serial_shops, bzr_in_the_mist
Temple:   dshaligram_water_room_temple
Lair:1:   serial_bayou_shore_a, uniq_gastronok, uniq_nergalle, uniq_fannar
Lair:2:   portal_ice_cave_entry_pillars_1, lab_entry_generic,
          serial_bayou_pond_d
Lair:3:   minivault_29
Lair:4:   elwin_shoals_entry_rooms, guppyfry_snake_entry_island,
          serial_bayou_lagoon_a, beast_lair_carwin_1
Lair:5:   minmay_lair_venomous_thicket, slime_altar_1, minmay_lair_oklob_bushes,
          grunt_megastairs_5
Lair:6:   hangedman_lair_caniforms_friends, guppyfry_lair_end_dragon
Snake:1:  serial_shops, nicolae_shop_temple_entry_statues_fountains,
          minmay_shop_star, uniq_aizul
Orc:1:    nicolae_orc_accident_3, basic_altar
Orc:2:    st_orc_ogre_mass, uniq_sonja
Elf:1:    eino_elf_arrival_the_gate, serial_shops, nicolae_shop_trees,
          basic_altar, minivault_28, evilmike_spriggan_trog_shrine
Abyss:3:  dshaligram_kb_abyss_rune_zappy_water_cross
Abyss:4:  hangedman_decor_riveting
Abyss:5:  evilmike_abyss_exit_13, minivault_25_ag,
          nicolae_abyss_rune_star_stuff, evilmike_abyss_exit_smiterflies,
          minivault_5
Bazaar:   bazaar_kb_twisted_cavern
IceCv:    ice_cave_caverns_02

Skill      XL: |  1  2  3  4  5  6  7  8  9 10 11 12 13 14 15 16 |
---------------+-------------------------------------------------+-----
Dodging        | 1 2 3 4 5 6 7 8 9 10 | 10.5
Shields        | 4 5 6 7 8 9 10 11 12 13 | 13.1
Fighting       | 4 5 6 7 8 9 10 11 12 | 12.3
Long Blades    | 3 4 5 6 7 8 9 10 11 12 13 | 13.3
Armour         | 4 5 6 7 8 9 10 11 12 | 12.3
Invocations    | 3 4 6 8 9 10 11 | 11.6
Crossbows      | 1 3 5 6 7 8 9 |  9.3
Stealth        | 1 4 7 10 | 10.5

Action                   |  1- 3 |  4- 6 |  7- 9 | 10-12 | 13-15 | 16-18 || total
-------------------------+-------+-------+-------+-------+-------+-------++-------
Melee: Long sword        |    91 |    73 |   401 |    48 |       |       ||   613
       Trident           |       |       |     5 |       |       |       ||     5
       Great sword       |       |       |       |   469 |  1050 |   393 ||  1912
       Short sword       |       |       |       |    25 |    62 |    17 ||   104
       Unarmed           |       |       |       |     2 |     2 |    27 ||    31
       Lajatang          |       |       |       |       |     9 |       ||     9
       Kick              |       |       |       |       |       |     6 ||     6
       Bardiche          |       |       |       |       |       |     5 ||     5
       Punch             |       |       |       |       |       |     1 ||     1
 Fire: Arbalest          |       |       |       |       |    46 |       ||    46
       Triple crossbow   |       |       |       |       |     4 |    18 ||    22
Throw: Tomahawk          |       |       |    10 |    10 |     1 |       ||    21
Invok: Steel Dragonfly   |       |       |       |     2 |     1 |     2 ||     5
       Heavenly Blade    |       |       |       |       |     1 |     1 ||     2
 Abil: Dig               |     7 |     4 |     7 |     5 |     6 |     6 ||    35
Evoke: Wand              |       |       |     1 |     6 |       |       ||     7
  Use: Scroll            |     1 |       |    15 |    12 |    13 |     9 ||    50
       Potion            |     1 |     4 |     5 |     5 |     5 |     4 ||    24
 Stab: Distracted        |       |       |       |       |     5 |     2 ||     7
       Sleeping          |       |       |       |       |     6 |    12 ||    18
  Eat: Chunk             |     2 |     2 |    13 |    16 |    28 |    14 ||    75
       Beef jerky        |       |     1 |       |       |     1 |       ||     2
       Fruit             |       |       |       |       |       |     2 ||     2
Armor: Scale mail        |    26 |    18 |   125 |    58 |       |    24 ||   251
       Skin              |       |       |    12 |       |       |       ||    12
       Acid dragon scale |       |       |       |    87 |   174 |    29 ||   290
       Ring mail         |       |       |       |       |    68 |       ||    68
       Robe              |       |       |       |       |       |     3 ||     3
Dodge: Dodged            |    28 |    26 |   140 |   309 |   484 |   184 ||  1171
Block: Shield            |    45 |    38 |   205 |   381 |   690 |   208 ||  1567
       Rpst.: Long sword |     9 |     9 |    41 |     5 |       |       ||    64
       Great sword       |       |       |       |    61 |    95 |    30 ||   186
